 Dungeon Crawl Stone Soup version 0.30-a0-1016-gfb0d676c02 (webtiles) character file.

Game seed: 13520760771683309469

72 jasper the Digger (level 4, -4/30 HPs)
             Began as a Demonspawn Earth Elementalist on Apr 6, 2023.
             Slain by Maggie
             ... wielding a +0 scimitar
              (10 damage)
             ... on level 6 of the Dungeon.
             The game lasted 00:01:55 (1740 turns).

jasper the Digger (Demonspawn Earth Elementalist)   Turns: 1740, Time: 00:01:56

Health: -4/30      AC:  7    Str:  8    XL:     4   Next: 7%
Magic:  1/7        EV: 12    Int: 18    God:
Gold:   70         SH:  0    Dex: 14    Spells: 1/7 levels left

rFire   . . .      SeeInvis .    k - +5 club
rCold   . . .      Faith    .    (no shield)
rNeg    . . .      Spirit   .    a - +0 robe
rPois   .          Reflect  .    (helmet restricted)
rElec   .          Rampage  .    l - +0 cloak
rCorr   .                        (no gloves)
Will    .....                    (no boots)
Stlth   ++                       (no amulet)
HPRegen 0.25/turn                j - +4 ring of protection
MPRegen 0.10/turn                (no ring)

@: mesmerised, very slightly contaminated
A: horns 1, powered by death 1, demonic touch 1
a: no special abilities


You were on level 6 of the Dungeon.
You visited 1 branch of the dungeon, and saw 4 of its levels.

You collected 70 gold pieces.

Inventory:

Hand Weapons
 k - a +5 club (weapon)
Armour
 a - a +0 robe (worn)
 l - a +0 cloak (worn)
 n - a +0 helmet
Jewellery
 j - a +4 ring of protection (left hand)
Scrolls
 e - a scroll of blinking {unknown}
 f - a scroll of noise {unknown}
 g - a scroll of teleportation {unknown}
 h - 2 scrolls of identify {unknown}
 i - a scroll of fear {unknown}
 m - a scroll of magic mapping {unknown}
 o - a scroll of poison {unknown}
 p - 2 scrolls of fog {unknown}
Potions
 b - a potion of magic
 c - a potion of haste {unknown}
 d - a potion of degeneration {unknown}
 q - a potion of curing {unknown}


   Skills:
 - Level 1.7 Dodging
 - Level 1.7 Stealth
 - Level 2.0 Spellcasting
 + Level 2.1 Transmutations
 + Level 4.0 Earth Magic


You had one spell level left.
You knew the following spells:

 Your Spells              Type           Power      Damage    Failure   Level
a - Sandblast             Erth           32%        2d9       3%          1
b - Passwall              Tmut/Erth      10%        N/A       8%          2
c - Stone Arrow           Conj/Erth      18%        3d8       24%         3

Your spell library contained the following spells:

 Spells                   Type           Power      Damage    Failure   Level
 Wereblood                Tmut           9%         N/A       11%         2
 Sublimation of Blood     Necr           1%         N/A       26%         2
 Petrify                  Tmut/Erth      12%        N/A       45%         4
 Ozocubu's Armour         Ice            1%         N/A       47%         3
 Leda's Liquefaction      Hex/Erth       4%         N/A       61%         4
 Lee's Rapid Deconstruct  Erth           8%         3d7*      67%         5
 Statue Form              Tmut/Erth      8%         N/A       100%        6
 Ozocubu's Refrigeration  Ice            0%         4d7       100%        7
 Summon Hydra             Summ           0%         N/A       100%        7


Dungeon Overview and Level Annotations

Branches:
Dungeon (3/15)

Altars:

Annotations:
D:6 Maggie


Innate Abilities, Weirdness & Mutations

You have a pair of small horns on your head.
You regenerate a little health from kills.
Your touch may inflict minor irresistible damage on your foes.


Message History

Maggie hits you but does no damage. Maggie hits you with a +0 scimitar.
You take 2 damage, and have 28/30 hp.
You now have 5/7 mp.
Aiming: Sandblast (safe; 3% risk of failure)
Press: ? - help, Q - select action, (/) - cycle Shift-Dir - straight line, f/p - Maggie
Aim: Maggie, wielding a +0 scimitar and wearing +0 steam dragon scales (lightly wounded, 82% to hit)
The blast of sand hits Maggie but does no damage.
Maggie is lightly wounded.
Maggie gestures wildly while chanting.
Maggie attempts to bespell you!
You are mesmerised by Maggie!
You now have 4/7 mp.
Aiming: Sandblast (safe; 3% risk of failure)
Press: ? - help, Q - select action, (/) - cycle Shift-Dir - straight line, f/p - Maggie
Aim: Maggie, wielding a +0 scimitar and wearing +0 steam dragon scales (lightly wounded, mesmerising, 82% to hit)
The blast of sand misses Maggie.
Maggie hits you but does no damage. Maggie hits you with a +0 scimitar!
You take 11 damage, and have 18/30 hp.
MASSIVE DAMAGE!!
You now have 3/7 mp.
Aiming: Sandblast (safe; 3% risk of failure)
Press: ? - help, Q - select action, (/) - cycle Shift-Dir - straight line, f/p - Maggie
Aim: Maggie, wielding a +0 scimitar and wearing +0 steam dragon scales (lightly wounded, mesmerising, 82% to hit)
The blast of sand misses Maggie.
Maggie hits you with a +0 scimitar.
You take 3 damage, and have 15/30 hp.
You now have 2/7 mp.
Aiming: Sandblast (safe; 3% risk of failure)
Press: ? - help, Q - select action, (/) - cycle Shift-Dir - straight line, f/p - Maggie
Aim: Maggie, wielding a +0 scimitar and wearing +0 steam dragon scales (lightly wounded, mesmerising, 82% to hit)
You miscast Sandblast.
You are very lightly contaminated with residual magic.
Nothing appears to happen.
Maggie hits you with a +0 scimitar!
* * * LOW HITPOINT WARNING * * *
You take 9 damage, and have 6/30 hp.
MASSIVE DAMAGE!!
You now have 1/7 mp.
Maggie hits you but does no damage.
Aiming: Sandblast (safe; 3% risk of failure)
Press: ? - help, Q - select action, (/) - cycle Shift-Dir - straight line, f/p - Maggie
Aim: Maggie, wielding a +0 scimitar and wearing +0 steam dragon scales (lightly wounded, mesmerising, 82% to hit)
The blast of sand hits Maggie.
Maggie is lightly wounded.
Maggie hits you with a +0 scimitar!
You die...

#......#..........+
#......#.<........#
#......#..........#
#......########...#
#####.........#...#
#.........#...#
#..)......+...#
#.........#...+
#.........#.@@#
#.........#...#
#.........#...#
#........ #...#
###+#


You could see Maggie (mesmerising).

Vanquished Creatures
  Jessica (D:2)
  2 adders (D:2)
  A dart slug (D:2)
  2 ball pythons
  3 endoplasms
  2 giant cockroaches (D:2)
  4 goblins (D:1)
  2 hobgoblins (D:1)
  2 quokkas
  3 bats
  A frilled lizard (D:2)
  2 kobolds
  2 rats (D:2)
27 creatures vanquished.

Notes
Turn   | Place    | Note
-------+----------+-------------------------------------------
     0 | D:1      | jasper the Demonspawn Earth Elementalist began the quest
                  | for the Orb.
     0 | D:1      | Reached XP level 1. HP: 13/13 MP: 3/3
   297 | D:1      | Reached skill level 3 in Earth Magic
   355 | D:1      | Discovered your monstrous ancestry.
   355 | D:1      | Gained mutation: You have a pair of small horns on your
                  | head. [demonic ancestry]
   355 | D:1      | Reached XP level 2. HP: 19/19 MP: 1/5
   497 | D:1      | Reached skill level 1 in Transmutations
   927 | D:2      | Gained mutation: Your touch may inflict minor irresistible
                  | damage on your foes. [demonic ancestry]
   927 | D:2      | Reached XP level 3. HP: 21/24 MP: 3/6
  1175 | D:2      | Noticed Jessica
  1177 | D:2      | Killed Jessica
  1245 | D:2      | Gained mutation: You regenerate a little health from kills.
                  | [demonic ancestry]
  1245 | D:2      | Reached XP level 4. HP: 28/30 MP: 3/7
  1380 | D:2      | Learned a level 2 spell: Passwall
  1384 | D:2      | Learned a level 3 spell: Stone Arrow
  1529 | D:2      | Reached skill level 4 in Earth Magic
  1702 | D:3      | You fall into a shaft and drop 3 floors!
  1728 | D:6      | Noticed Maggie
  1740 | D:6      | Slain by Maggie

Illustrated notes

Levels and vault maps discovered:
D:1:      minmay_arrival_loop, layout_basic, minivault_4
D:2:      layout_loops_ring, uniq_jessica
D:3:      layout_rooms, elyvilon_altar_4, minmay_misc_feat_chi, uniq_grinder
D:6:      layout_gridville, uniq_edmund, uniq_prince_ribbit1, uniq_maggie

Skill      XL: |  1  2  3  4 |
---------------+-------------+-----
Earth Magic    | 3 4 |  4.0
Transmutations | 1 2 |  2.1
Dodging        | |  1.7
Stealth        | |  1.7
Spellcasting   | |  2.0

Action                     |  1- 3 |  4- 6 || total
---------------------------+-------+-------++-------
  Melee: Unarmed           |    25 |       ||    25
         Punch             |     1 |       ||     1
   Cast: Sandblast         |    33 |    10 ||    43
 Armour: Robe              |    11 |     3 ||    14
  Dodge: Dodged            |    35 |     1 ||    36

Table legend: (Time is in decaauts)
 A = Elapsed time spent in this place.
 B = Non-inter-level travel time spent in this place.
 C = Inter-level travel time spent in this place.
 D = Time resting spent in this place.
 E = Time spent auto-exploring this place.
 F = Levels seen in this place.
 G = Mean time per level.
                   A        B        C        D        E       F      G
               +--------+--------+--------+--------+--------+-----+--------+
         Total |   1761 |   1703 |     58 |      0 |   1461 |   4 |  440.2 |
       Dungeon |   1761 |   1703 |     58 |      0 |   1461 |   4 |  440.2 |
               +--------+--------+--------+--------+--------+-----+--------+

Top non-repeatable levels by time:
     D:1: 887 daAuts
     D:2: 825 daAuts
     D:6: 40 daAuts
     D:3: 7 daAuts
